 Dungeon Crawl Stone Soup version 0.19.0-11-g3fc08b3 (webtiles) character file.

504 Gingerlord the Skirmisher (level 7, -8/79 HPs)
             Began as an Ogre Wanderer on Nov 8, 2016.
             Mangled by Pikel
             ... wielding a +1 whip of electrocution
              (9 damage)
             ... on level 4 of the Dungeon.
             The game lasted 00:08:54 (4761 turns).

Gingerlord the Skirmisher (Ogre Wanderer)           Turns: 4761, Time: 00:08:55

Health: -8/79      AC: 10    Str: 19    XL:     7   Next: 17%
Magic:  0/7        EV: 11    Int: 14    God:
Gold:   125        SH:  0    Dex: 12    Spells: 0 memorised, 6 levels left

rFire  . . .     SeeInvis .     d - +5 flail (protect)
rCold  . . .     Gourm    .     c - +0 robe
rNeg   . . .     Faith    .     (no shield)
rPois  .         Spirit   +     (helmet restricted)
rElec  .         Reflect  .     (no cloak)
rCorr  .         Harm     .     (gloves unavailable)
MR     .....                    (boots unavailable)
Stlth  +.........               r - amulet of guardian spirit
                                l - +3 ring of intelligence
                                e - +2 ring of dexterity

@: protection aura
A: unfitting armour, tough skin 1
a: no special abilities


You were on level 4 of the Dungeon.
You were not hungry.

You visited 1 branch of the dungeon, and saw 4 of its levels.

You collected 125 gold pieces.

Inventory:

Hand Weapons
 b - a +2 blowgun
 d - a +5 flail of protection (weapon)
Missiles
 a - 2 curare-tipped needles
 n - 7 needles of frenzy
Armour
 c - a +0 robe (worn)
Jewellery
 e - a +2 ring of dexterity (left hand)
 l - a +3 ring of intelligence (right hand)
 r - an amulet of guardian spirit (around neck)
 u - an uncursed ring of see invisible {unknown}
Scrolls
 g - 2 scrolls of identify
 h - a scroll of amnesia {unknown}
 j - a scroll of noise {unknown}
 k - 3 scrolls of remove curse {unknown}
 m - a scroll of magic mapping {unknown}
 s - a scroll of fog {unknown}
 v - a scroll of enchant armour {unknown}
Potions
 p - a potion of berserk rage
Comestibles
 f - 2 bread rations
 i - 3 beef jerkies
 o - 2 chunks of flesh
 q - 4 fruits
 t - a royal jelly
 w - a slice of pizza


   Skills:
 + Level 7.7 Fighting
   Level 1.3(2.3) Axes
 + Level 5.3(5.6) Maces & Flails
 - Level 1.0 Throwing
 + Level 4.1 Dodging
   Level 1.0 Evocations


You had 6 spell levels left.
You didn't know any spells.

Dungeon Overview and Level Annotations

Branches:
Dungeon (4/15)
 Temple: D:4-7

Altars:

Annotations:
D:4 Pikel, Sigmund


Innate Abilities, Weirdness & Mutations

You are too large for most types of armour.
You have tough skin. (AC +1)


Message History

Pikel is almost dead.
Pikel closely misses you.
You hit Pikel but do no damage.
Pikel is almost dead.
Pikel hits you but does no damage.
You are electrocuted!
* * * LOW HITPOINT WARNING * * *
You barely miss Pikel.
Pikel is almost dead.
Pikel hits you with a whip of electrocution.
* * * LOW HITPOINT WARNING * * *
You are electrocuted!
* * * LOW HITPOINT WARNING * * *
You barely miss Pikel.
Pikel is almost dead.
Pikel hits you but does no damage. x2
You feel better.
Pikel hits you with a whip of electrocution!
* * * LOW HITPOINT WARNING * * *
You are electrocuted!
You die... .. ####'# .. ..... #. .... .#...
ZpS. #pp

#K# #@## #..#
##.## .# #..#
#.#
##.#########.#
#.........#.####
#...............
#...............
#)..............


You could see Pikel, 3 slaves, an adder and a leopard gecko skeleton.

Vanquished Creatures
  Edmund (D:4)
  A hound (D:4)
  An orc priest (D:3)
  An orc wizard (D:4)
  Jessica (D:2)
  A worker ant (D:4)
  10 adders
  3 gnolls (D:4)
  2 oozes
  An adder zombie (D:3)
  2 adder skeletons (D:3)
  5 dart slugs
  5 leopard geckos
  8 orcs
  15 bats
  4 giant cockroaches
  7 goblins
  8 hobgoblins
  3 jackals (D:4)
  10 kobolds
  3 quokkas
  7 frilled lizards
  3 giant cockroach zombies (D:3)
  A jackal zombie (D:3)
  2 leopard gecko zombies (D:3)
  8 rats
113 creatures vanquished.

Notes
Turn   | Place    | Note
-------+----------+-------------------------------------------
     0 | D:1      | Gingerlord the Ogre Wanderer began the quest for the Orb.
     0 | D:1      | Gingerlord set off with: 2 curare-tipped needles, a +2 blowgun, a +0 robe, a +0 hand axe, a bread ration
     0 | D:1      | Reached XP level 1. HP: 27/27 MP: 1/1
   164 | D:1      | Reached XP level 2. HP: 33/35 MP: 2/2
   424 | D:1      | Reached skill level 1 in Maces & Flails
   558 | D:1      | Reached XP level 3. HP: 44/44 MP: 3/3
  1134 | D:2      | Reached skill level 6 in Fighting
  1434 | D:2      | Reached XP level 4. HP: 26/52 MP: 4/4
  2212 | D:2      | Noticed Jessica
  2215 | D:2      | Killed Jessica
  2215 | D:2      | Reached XP level 5. HP: 55/61 MP: 5/5
  2872 | D:3      | HP: 3/61 [poisoned by an adder]
  2878 | D:3      | HP: 2/61 [poisoned by an adder]
  2884 | D:3      | HP: 2/61 [poisoned by an adder]
  3197 | D:3      | Reached XP level 6. HP: 27/68 MP: 6/6
  3724 | D:3      | Reached skill level 7 in Fighting
  4317 | D:4      | Noticed Edmund
  4384 | D:4      | Killed Edmund
  4384 | D:4      | Reached skill level 5 in Maces & Flails
  4384 | D:4      | Reached XP level 7. HP: 41/78 MP: 5/7
  4688 | D:4      | Noticed Sigmund
  4738 | D:4      | Noticed Pikel
  4761 | D:4      | HP: 1/79 [Pikel/whip of electrocution (9)]
  4761 | D:4      | Mangled by Pikel

Skill      XL: |  1  2  3  4  5  6 |
---------------+-------------------+-----
Dodging        | 2 3 4 |  4.1
Maces & Flails | 1 2 3 4 5 |  5.3
Fighting       | 6 7 |  7.7
Axes           | |  1.3
Throwing       | |  1.0
Evocations     | |  1.0

Action                   |  1- 3 |  4- 6 |  7- 9 || total
-------------------------+-------+-------+-------++-------
Melee: Hand axe          |   107 |   189 |       ||   296
       Flail             |       |    84 |    50 ||   134
  Use: Potion            |     1 |     2 |     1 ||     4
       Scroll            |       |     1 |       ||     1
 Stab: Distracted        |       |     1 |       ||     1
  Eat: Chunk             |     2 |     9 |     2 ||    13
Armor: Robe              |    53 |   101 |     7 ||   161
Dodge: Dodged            |    65 |   220 |    27 ||   312
